cohdb
Replays
Latest Replays
All Replays
Popular Replays
Top Player Replays
Match Explorer
How It Works
Community
CoH3 Stats
Reddit
Sign in to upload your games and track your stats! →
Sign in with Steam
Match 38756709
Unlisted
Match 38756709
Overview
Messages
Build Orders
End
Selects Australian Defense Battlegroup
Selects Australian Light Infantry Section
Australian Light Infantry Section
Construct Section Command Post
Vickers Machine Gun Team
Infantry Section
Construct Platoon Command Post
Selects 2-pounder Anti-tank Gun Team
2-pounder Anti-tank Gun Team
Humber Armored Car
Infantry Training
Unlock Bishop Self-propelled Artillery
Bishop Self-propelled Artillery
CMP 15cwt Truck
Light Vehicle Training
Royal Engineer Section
Selects Vehicle Over Repair
Construct Company Command Post
Crusader II Medium Tank
Grenade Package
Turtleboy
Random_Target
Humbarwhy
RAPIDFIREATX
GaijinEnterprises
Pannkaka
0
0
Comments
sign in to comment!
No comments posted yet!